[Event "Titled Tuesday Blitz March 22 Late 2022"]
[White "Adewumi, Tanitoluwa"]
[Black "Martinez Alcantara, Jose Eduardo"]
[WhiteFideId "30966396"]
[BlackFideId "3805662"]
[WhiteElo "2546"]
[BlackElo "2690"]
[Result "0-1"]
[Round "01"]
[TimeControl "180+1"]
[Date "2022.03.22"]
[WhiteClock "0:00:11"]
[BlackClock "0:00:43"]

1. b3 Nf6 2. Bb2 b6 3. e3 Bb7 4. Nf3 g6 5. c4 Bg7 6. Nc3 O-O 7. d4 e6 8. Be2 d6 9. Kf1 Nbd7 10. g3 Ne4 11. Nxe4 Bxe4 12. Kg2 f5 13. Re1 Qe7 14. Kg1 Bb7 15. Nd2 e5 16. Bf3 e4 17. Bg2 c6 18. Ba3 Rfe8 19. Rc1 Rad8 20. f3 Nf6 21. fxe4 fxe4 22. Rf1 Bc8 23. d5 c5 24. Bb2 Ng4 25. Bxg7 Qxg7 26. Qe2 Qh6 27. Bxe4 Nxe3 28. Rfe1 Ng4 29. Qg2 Rf8 30. h3 Rf2 31. Qh1 Rh2 32. Qf3 Rxd2 33. hxg4 Qh2+ 34. Kf1 Rf8 35. Bf5 Bxf5 0-1


[Site "https://www.chess.com"]

[Event "Titled Tuesday Blitz March 22 Late 2022"]
[White "Andreikin, Dmitry"]
[Black "Zhurbinsky, David"]
[WhiteFideId "4158814"]
[BlackFideId "2072904"]
[WhiteElo "2736"]
[BlackElo "2567"]
[Result "1-0"]
[Round "01"]
[TimeControl "180+1"]
[Date "2022.03.22"]
[WhiteClock "0:01:16"]
[BlackClock "0:00:58"]

1. d4 Nf6 2. Nf3 e6 3. Bg5 Be7 4. Nbd2 d5 5. e3 O-O 6. Bd3 c5 7. c3 Nc6 8. h4 h6 9. Bxf6 Bxf6 10. g4 Be7 11. g5 hxg5 12. Nxg5 Bxg5 13. Bh7+ Kxh7 14. hxg5+ Kg6 15. Qh5+ Kf5 16. Qh3+ Kg6 17. Qh7+ Kxg5 18. Qxg7+ Kf5 19. Rh5+ 1-0


[Site "https://www.chess.com"]

[Event "Titled Tuesday Blitz March 22 Late 2022"]
[White "Antonio, Jorge Carlos"]
[Black "Krishnan, Varun"]
[WhiteFideId "113190"]
[BlackFideId "5054508"]
[WhiteElo "2247"]
[BlackElo "2594"]
[Result "0-1"]
[Round "01"]
[TimeControl "180+1"]
[Date "2022.03.22"]
[WhiteClock "0:02:20"]
[BlackClock "0:01:40"]

1. d4 d5 2. Nf3 Nf6 3. Bf4 c5 4. e3 Nc6 5. c3 Qb6 6. Qb3 c4 7. Qxb6 axb6 8. Nbd2 Bf5 9. Ne5 e6 10. Be2 b5 11. O-O b4 12. f3 bxc3 13. bxc3 Nxe5 14. Bxe5 Nd7 15. e4 Nxe5 16. exf5 Nc6 17. fxe6 fxe6 18. f4 Bd6 19. g3 Ke7 20. Rfb1 Rhb8 21. Nf3 b5 22. Ne5 Bxe5 23. fxe5 b4 24. cxb4 Rxb4 25. Rxb4 Nxb4 26. a4 c3 27. a5 c2 28. a6 Na2 0-1


[Site "https://www.chess.com"]

[Event "Titled Tuesday Blitz March 22 Late 2022"]
[White "Atanejhad, Sahebali"]
[Black "Rastbod, Ali"]
[WhiteFideId "12506664"]
[BlackFideId "12567477"]
[WhiteElo "1977"]
[BlackElo "2200"]
[Result "0-1"]
[Round "01"]
[TimeControl "180+1"]
[Date "2022.03.22"]
[WhiteClock "0:00:10"]
[BlackClock "0:00:30"]

1. d4 Nf6 2. c4 e6 3. Nf3 Bb4+ 4. Bd2 Qe7 5. g3 O-O 6. Bg2 b6 7. O-O Bb7 8. Nc3 d6 9. Rc1 Bxc3 10. Bxc3 Ne4 11. b4 c5 12. bxc5 dxc5 13. dxc5 Nxc3 14. Rxc3 Qxc5 15. Qd4 Na6 16. Rd1 f6 17. Qd7 Nc7 18. Bh3 Rfe8 19. Rd6 Bc8 20. Qc6 Qxc6 21. Rxc6 Na6 22. Re3 e5 23. Bg2 Bb7 24. Rd6 Nc5 25. Nh4 Bxg2 26. Kxg2 Rad8 27. Rc6 Rc8 28. Rd6 Red8 29. Nf5 Rxd6 30. Nxd6 Rd8 31. Nb5 a6 32. Nc3 Rd4 33. Nd5 b5 34. Rc3 Rxc4 35. Rd3 Nxd3 36. exd3 Rd4 0-1


[Site "https://www.chess.com"]

[Event "Titled Tuesday Blitz March 22 Late 2022"]
[White "Avazkhonov, Alikhon"]
[Black "Lin, Dachey"]
[WhiteFideId "14208504"]
[BlackFideId "2029650"]
[WhiteElo "1739"]
[BlackElo "2313"]
[Result "0-1"]
[Round "01"]
[TimeControl "180+1"]
[Date "2022.03.22"]
[WhiteClock "0:00:04"]
[BlackClock "0:01:21"]

1. f4 g6 2. Nf3 Bg7 3. g3 Nf6 4. Bg2 O-O 5. O-O d6 6. d3 c5 7. e4 Nc6 8. Nc3 Rb8 9. h3 b5 10. g4 b4 11. Ne2 a5 12. Be3 a4 13. Qd2 Ba6 14. b3 d5 15. e5 d4 16. exf6 dxe3 17. Qxe3 Bxf6 18. Ne5 Nxe5 19. fxe5 Bg7 20. Qxc5 Rc8 21. Qxb4 Rxc2 22. Nd4 Rc8 23. Nc6 Qxd3 24. Nxe7+ Kh8 25. Nxc8 Rxc8 26. Qxa4 Bxe5 27. Rad1 Qg3 28. Rf3 Qh2+ 29. Kf2 Rc2+ 30. Ke3 Re2# 0-1


[Site "https://www.chess.com"]

[Event "Titled Tuesday Blitz March 22 Late 2022"]
[White "Aydin, Gulenay"]
[Black "Nenezic, Marko"]
[WhiteFideId "34557431"]
[BlackFideId "912123"]
[WhiteElo "1429"]
[BlackElo "2457"]
[Result "0-1"]
[Round "01"]
[TimeControl "180+1"]
[Date "2022.03.22"]
[WhiteClock "0:00:18"]
[BlackClock "0:01:23"]

1. e4 c5 2. Nf3 Nc6 3. Bb5 Nf6 4. d3 Qa5+ 5. Nc3 Nd4 6. Bc4 b5 7. Bb3 Nxb3 8. cxb3 Bb7 9. O-O d6 10. Re1 e6 11. Bg5 Be7 12. d4 b4 13. Bxf6 Bxf6 14. Nb1 O-O 15. e5 dxe5 16. dxe5 Rad8 17. Qe2 Bxf3 18. Qxf3 Bg5 19. g3 Rd4 20. Qe2 Rfd8 21. Kg2 h6 22. h4 Be7 23. Rc1 Qb6 24. Rc2 Qb7+ 25. f3 Qd5 26. Nd2 Rxd2 0-1


[Site "https://www.chess.com"]

[Event "Titled Tuesday Blitz March 22 Late 2022"]
[White "Barp, Alberto"]
[Black "Prohorov, Olexandr"]
[WhiteFideId "872555"]
[BlackFideId "14105578"]
[WhiteElo "2229"]
[BlackElo "1993"]
[Result "1-0"]
[Round "01"]
[TimeControl "180+1"]
[Date "2022.03.22"]
[WhiteClock "0:00:12"]
[BlackClock "0:00:03"]

1. d4 g6 2. c4 Bg7 3. Nc3 c5 4. d5 Bxc3+ 5. bxc3 f5 6. h4 Nf6 7. h5 Nxh5 8. e4 d6 9. exf5 Qa5 10. fxg6 Qxc3+ 11. Bd2 Qe5+ 12. Be2 hxg6 13. Nf3 Qg7 14. Qc1 Nd7 15. Ng5 Ndf6 16. Qb2 Rg8 17. Qb5+ Kd8 18. Rc1 Rb8 19. Qa5+ b6 20. Qxa7 Rb7 21. Qa3 Qf8 22. Qb2 Ng7 23. Bc3 Nf5 24. Qd2 1-0


[Site "https://www.chess.com"]

[Event "Titled Tuesday Blitz March 22 Late 2022"]
[White "Bashirli, Nail"]
[Black "Yordanov, Nikolay Plamenov"]
[WhiteFideId "13406809"]
[BlackFideId "2907445"]
[WhiteElo "2333"]
[BlackElo "2248"]
[Result "1-0"]
[Round "01"]
[TimeControl "180+1"]
[Date "2022.03.22"]
[WhiteClock "0:00:18"]
[BlackClock "0:00:10"]

1. e4 c5 2. Nf3 Nc6 3. d4 cxd4 4. Nxd4 Nf6 5. Nc3 e5 6. Ndb5 d6 7. Bg5 a6 8. Na3 b5 9. Nd5 Be7 10. Bxf6 Bxf6 11. c3 Bg5 12. Nc2 Ne7 13. Nxe7 Qxe7 14. Be2 O-O 15. O-O Kh8 16. Nb4 a5 17. Nd5 Qb7 18. Qd3 Rb8 19. Rfd1 Be6 20. Qg3 Bd8 21. Bf3 Rc8 22. a3 Rc5 23. b4 axb4 24. cxb4 Rc8 25. Bg4 Bb6 26. Nxb6 Qxb6 27. h3 f5 28. exf5 Bxf5 29. Rd2 Bxg4 30. Qxg4 Rc4 31. Qe6 Rd4 32. Rad1 h6 33. Rxd4 exd4 34. Qe7 Rf6 35. Qe8+ Kh7 36. Qe4+ Kh8 37. Rxd4 Qa7 38. Qe8+ Kh7 39. Qe3 Qf7 40. Rg4 d5 41. Qd3+ Kh8 42. Qd4 Rc6 43. Kh2 Qc7+ 44. Rg3 Rd6 45. f4 Rd7 46. Re3 Rf7 47. Re8+ Kh7 48. Re5 Rd7 49. Qd3+ g6 50. h4 Rf7 51. h5 Qd6 52. hxg6+ Qxg6 53. Qxg6+ Kxg6 54. Rxd5 Ra7 55. Rxb5 Rxa3 56. Rd5 Rb3 57. b5 Kf6 58. g3 Kg6 59. Re5 Kf6 60. Kh3 Kg6 61. Kg4 Rb4 62. Rc5 Rb3 63. Rc6+ Kg7 64. b6 Rb5 65. Kf3 Kf7 66. Ke4 h5 67. Kd4 Ke7 68. Kc4 Rb1 69. Rh6 Rc1+ 70. Kb5 Rb1+ 71. Kc6 Rc1+ 72. Kb7 Rc3 73. Rg6 Kd7 74. Rg7+ Kd6 75. Kb8 Rb3 76. b7 Kc6 77. Kc8 Re3 78. Rc7+ Kd6 79. b8=Q Re8+ 80. Kb7 Rxb8+ 81. Kxb8 Kd5 82. Re7 1-0


[Site "https://www.chess.com"]

[Event "Titled Tuesday Blitz March 22 Late 2022"]
[White "Bibasa, Bob"]
[Black "Boyer, Mahel"]
[WhiteFideId "10000240"]
[BlackFideId "45102422"]
[WhiteElo "2056"]
[BlackElo "2328"]
[Result "0-1"]
[Round "01"]
[TimeControl "180+1"]
[Date "2022.03.22"]
[WhiteClock "0:00:11"]
[BlackClock "0:00:15"]

1. e4 Nc6 2. d4 d5 3. e5 Bf5 4. c3 e6 5. Bd3 Nge7 6. Nf3 f6 7. exf6 gxf6 8. Bf4 Qd7 9. Na3 Bxd3 10. Qxd3 Ng6 11. Bg3 e5 12. Qe3 Bxa3 13. bxa3 O-O-O 14. O-O h5 15. h4 Rhg8 16. dxe5 fxe5 17. Rad1 Qg4 18. Qg5 Nf4 19. Qxg4+ hxg4 20. Ng5 Ne2+ 21. Kh2 Nxc3 22. Rd3 d4 23. Re1 Rde8 24. Ne4 Nd5 25. Rc1 Re6 26. Rc5 Nf4 27. Bxf4 exf4 28. Ng5 Re2 29. f3 Ne5 30. Rxd4 gxf3 31. Rxf4 Rxg2+ 32. Kh1 Ng6 33. Rxf3 Nxh4 34. Rh3 R8xg5 35. Rxg5 Rxg5 36. Rxh4 Rg3 37. a4 Ra3 38. Rh8+ Kd7 39. Rh7+ Kc6 40. Rh6+ Kc5 41. Rh5+ Kb6 42. Rb5+ Ka6 43. Rb2 Rxa4 44. Kg2 Rf4 45. Kg3 Rf8 46. Rb3 b5 47. Ra3+ Kb6 48. Re3 a5 49. Re6+ c6 50. a3 b4 51. a4 Kc5 52. Re5+ Kb6 53. Re6 Rf7 54. Kg4 Rf1 55. Kg3 Kc5 56. Re5+ Kd4 57. Rxa5 b3 58. Ra6 b2 59. Rb6 b1=Q 60. Rxb1 Rxb1 0-1


[Site "https://www.chess.com"]

[Event "Titled Tuesday Blitz March 22 Late 2022"]
[White "Brodowski, Piotr"]
[Black "Mirza, Diana"]
[WhiteFideId "1124480"]
[BlackFideId "2503999"]
[WhiteElo "2422"]
[BlackElo "1813"]
[Result "0-1"]
[Round "01"]
[TimeControl "180+1"]
[Date "2022.03.22"]
[WhiteClock "0:02:03"]
[BlackClock "0:00:35"]

1. e4 e5 2. Nf3 d6 3. d4 exd4 4. Nxd4 Nf6 5. Nc3 g6 6. Be2 Bg7 7. Be3 O-O 8. Qd2 Ng4 9. Bxg4 Bxg4 10. f3 Bd7 11. O-O-O Nc6 12. Nb3 a5 13. a4 Nb4 14. Bh6 Bxc3 15. Qxc3 Na2+ 16. Kb1 Nxc3+ 17. bxc3 Re8 18. h4 Bxa4 19. Nd4 c5 20. Ne2 Qb6+ 21. Kc1 Bb5 22. Nf4 a4 23. h5 a3 24. Nd5 Qd8 25. hxg6 fxg6 26. Bf4 a2 27. Kb2 Bc4 28. Ka1 Bxd5 29. Rxd5 Qa5 30. Bd2 b5 31. Rd1 Qa4 32. Rc1 Qa3 33. Rd3 c4 34. Rd4 b4 35. Rxc4 bxc3 36. Rxc3 Qa6 37. Rb3 Reb8 38. Bb4 Qc4 39. Ba3 Rxb3 40. cxb3 Qd4+ 41. Bb2 Qd2 42. Rc7 Qd1+ 43. Rc1 Qxb3 44. Rc7 Qd1+ 45. Rc1 Qa4 46. Rc7 Ra7 47. Rc8+ Kf7 48. f4 Rb7 49. Rc1 Qb3 50. Bd4 Qb1+ 0-1


[Site "https://www.chess.com"]

[Event "Titled Tuesday Blitz March 22 Late 2022"]
[White "Bryakin, Mikhail"]
[Black "Cruz Mendez, Jean Marco"]
[WhiteFideId "4165314"]
[BlackFideId "3526402"]
[WhiteElo "2417"]
[BlackElo "2064"]
[Result "1-0"]
[Round "01"]
[TimeControl "180+1"]
[Date "2022.03.22"]
[WhiteClock "0:01:37"]
[BlackClock "0:00:58"]

1. e4 e5 2. d4 exd4 3. Qxd4 Nc6 4. Qd3 g6 5. Nc3 Bg7 6. Be3 Nge7 7. O-O-O O-O 8. h4 Ne5 9. Qd2 Ng4 10. Bf4 d6 11. f3 Ne5 12. h5 Be6 13. Bh6 f5 14. hxg6 hxg6 15. Bxg7 Kxg7 16. Qh6+ Kf7 17. Qh7+ Ke8 18. Nh3 Kd7 19. Qg7 Rf7 20. Qxe5 Nc6 21. Qg3 1-0


[Site "https://www.chess.com"]

[Event "Titled Tuesday Blitz March 22 Late 2022"]
[White "Burke, Paul"]
[Black "Aldokhin, Ivan"]
[WhiteFideId "2605767"]
[BlackFideId "24115720"]
[WhiteElo "1900"]
[BlackElo "2231"]
[Result "1-0"]
[Round "01"]
[TimeControl "180+1"]
[Date "2022.03.22"]
[WhiteClock "0:00:04"]
[BlackClock "0:00:05"]

1. e4 c5 2. d4 cxd4 3. c3 d3 4. Bxd3 Nc6 5. Nf3 Nf6 6. e5 Nd5 7. Qe2 e6 8. O-O d6 9. a3 dxe5 10. Nxe5 Bd6 11. f4 O-O 12. Qh5 Nf6 13. Qh3 Bxe5 14. fxe5 Nxe5 15. Bc2 Neg4 16. Bg5 Qb6+ 17. Kh1 Nf2+ 18. Rxf2 Qxf2 19. Nd2 e5 20. Qd3 e4 21. Nxe4 Nxe4 22. Qxe4 g6 23. Bh6 Bh3 24. Bxf8 Bxg2+ 25. Qxg2 Qxg2+ 26. Kxg2 Kxf8 27. Re1 Rd8 28. Re2 f5 29. Kf2 Kf7 30. Ke3 Kf6 31. Rd2 Re8+ 32. Kf2 Re7 33. Re2 Rd7 34. Ke3 g5 35. Rd2 Re7+ 36. Kf2 Ke5 37. Re2+ Kf6 38. Rxe7 Kxe7 39. Bxf5 h6 40. Bd3 Kf6 41. Kf3 h5 42. h3 b6 43. c4 Ke5 44. b4 Kd4 45. Be2 g4+ 46. hxg4 hxg4+ 47. Kxg4 a5 48. c5 bxc5 49. bxc5 Kxc5 50. a4 Kb4 51. Bb5 Kc5 52. Kf4 Kb6 53. Ke4 Kc5 54. Kd3 Kb4 55. Kd4 Ka3 56. Kc5 Kb3 57. Kb6 1-0


[Site "https://www.chess.com"]

[Event "Titled Tuesday Blitz March 22 Late 2022"]
[White "Cappai, Davide"]
[Black "Tristan, Leonardo"]
[WhiteFideId "813338"]
[BlackFideId "113816"]
[WhiteElo "2295"]
[BlackElo "2404"]
[Result "0-1"]
[Round "01"]
[TimeControl "180+1"]
[Date "2022.03.22"]
[WhiteClock "0:00:09"]
[BlackClock "0:00:18"]

1. b3 d5 2. Bb2 Bf5 3. f4 e6 4. Nf3 f6 5. g3 Bd6 6. Bg2 Ne7 7. O-O c5 8. d3 Nbc6 9. Nbd2 d4 10. Nh4 Bg4 11. Qe1 Nd5 12. Bxd5 exd5 13. e4 dxe3 14. Qxe3+ Kf7 15. Rae1 Qd7 16. Qf2 Bh3 17. Ng2 Rhe8 18. Rxe8 Rxe8 19. Re1 b6 20. a3 Bg4 21. Ne3 Bh3 22. Nxd5 Rxe1+ 23. Qxe1 Qb7 24. c4 Ne7 25. Ne4 Bb8 26. Nf2 Be6 27. Nxe7 Qxe7 28. d4 cxd4 29. Bxd4 Qxa3 30. Qe3 h5 31. Qc3 Bd6 32. Qb2 Qxb2 33. Bxb2 Bf5 34. Kf1 Bc2 35. Ke2 Bxb3 36. Kd3 Ba4 37. Ne4 Be7 38. Bd4 Bc6 39. Nc3 Ke6 40. Ke3 Kf5 41. Nd5 Bd8 42. Nb4 Bb7 43. c5 bxc5 44. Bxc5 Bb6 45. Bxb6 axb6 46. Nc2 Kg4 47. Kf2 Kh3 48. Kg1 b5 49. Nb4 Be4 50. Na6 h4 51. gxh4 Kxh4 52. Kf2 Kh3 53. Kg1 Kg4 54. Nc5 Bf5 55. Nb3 Kxf4 56. Kf2 b4 57. Nd4 Bd7 58. Ne2+ Kg4 59. Nd4 Kh3 60. Kg1 Ba4 61. Ne2 b3 62. Nf4+ Kg4 63. Nd3 Bb5 64. Nb2 Kf3 65. h4 Ke2 66. h5 Kd2 67. h6 gxh6 0-1


[Site "https://www.chess.com"]

[Event "Titled Tuesday Blitz March 22 Late 2022"]
[White "Chigaev, Maksim"]
[Black "Le Goff, Ronan"]
[WhiteFideId "4108116"]
[BlackFideId "612073"]
[WhiteElo "2502"]
[BlackElo "2276"]
[Result "1-0"]
[Round "01"]
[TimeControl "180+1"]
[Date "2022.03.22"]
[WhiteClock "0:00:38"]
[BlackClock "0:01:16"]

1. e4 e5 2. Nf3 Nc6 3. Bc4 Nf6 4. d3 Bc5 5. c3 a6 6. Bb3 d6 7. Nbd2 O-O 8. h3 Ba7 9. Nf1 Be6 10. Ng3 d5 11. Qe2 dxe4 12. dxe4 Bxb3 13. axb3 Re8 14. Nh2 Nd7 15. b4 Nf8 16. Nf5 Ne7 17. Bg5 f6 18. Rd1 Qc8 19. Nxe7+ Rxe7 20. Be3 Bxe3 21. Qxe3 Qe6 22. O-O Rd7 23. Rxd7 Qxd7 24. Ng4 Rd8 25. Qf3 Ne6 26. h4 Nf4 27. g3 Ng6 28. h5 Ne7 29. h6 Qd3 30. Nxf6+ Kf7 31. Nxh7+ Qxf3 32. Ng5+ Kg6 33. Nxf3 gxh6 34. Nxe5+ Kf6 35. Nf3 Rd3 36. Kg2 Ng6 37. Rh1 Kg7 38. Nd4 Ne7 39. Re1 b6 40. Ne6+ Kf6 41. Nxc7 Rd2 42. Nxa6 Rxb2 43. Nc7 Rc2 44. Nd5+ Nxd5 45. exd5 Rxc3 46. Re6+ Kf5 47. Rxh6 b5 48. Rb6 Ke4 49. Rxb5 Rb3 50. d6 Rd3 51. Rb6 Ke5 52. b5 Ke6 53. Rc6 Rb3 54. b6 Kd7 55. Rc4 Kxd6 56. Re4 Kd5 57. Re1 Rxb6 58. g4 Rb3 59. f3 Kd6 60. Kg3 Kd5 61. g5 Kd6 62. Kg4 1-0


[Site "https://www.chess.com"]

[Event "Titled Tuesday Blitz March 22 Late 2022"]
[White "Chyngyz, Sultai"]
[Black "Jary, Sergey"]
[WhiteFideId "13803158"]
[BlackFideId "14110350"]
[WhiteElo "1365"]
[BlackElo "2260"]
[Result "0-1"]
[Round "01"]
[TimeControl "180+1"]
[Date "2022.03.22"]
[WhiteClock "0:00:06"]
[BlackClock "0:00:09"]

1. e4 c5 2. Nf3 Nc6 3. d4 cxd4 4. Nxd4 g6 5. Nxc6 bxc6 6. Qd4 Nf6 7. e5 Nd5 8. e6 Nf6 9. exf7+ Kxf7 10. Bc4+ d5 11. O-O Bb7 12. Bb3 Qd6 13. Bf4 c5 14. Bxd6 cxd4 15. Be5 a5 16. a4 e6 17. Bxd4 Bg7 18. Nc3 Rac8 19. Nb5 Ne4 20. Bxg7 Kxg7 21. Rad1 Bc6 22. Nd4 Nc5 23. Rfe1 Bd7 24. c3 Rb8 25. Bc2 Rxb2 26. Rb1 Rxb1 27. Rxb1 e5 28. Nb5 Kf6 29. Nc7 d4 30. Rb6+ Kg7 31. cxd4 exd4 32. Rd6 Rc8 33. Nb5 Bxb5 34. axb5 d3 35. Bd1 a4 36. Rc6 Re8 37. Kf1 d2 38. Be2 Nd3 39. Rc7+ Kh6 40. g3 a3 41. Ra7 Nc1 42. Rxa3 Nxe2 43. Rd3 Nc3 44. Rxd2 Nxb5 45. Rb2 Nd4 46. Rd2 Nf3 47. Rb2 Nxh2+ 48. Kg2 Ng4 49. Rb4 Nf6 50. Rh4+ Kg7 51. Ra4 Re7 52. Ra6 g5 53. Ra5 Kg6 54. Ra2 h5 55. Rd2 Rd7 56. Re2 Kf5 57. Re3 g4 58. Re2 Ne4 59. Ra2 Rd2 60. Ra5+ Kg6 61. Ra6+ Rd6 62. Ra4 Kf5 63. Ra5+ Kg6 64. Re5 Nf6 65. Re2 Rd5 66. Kh2 Kg5 67. Kg2 Kf5 68. Kh2 Re5 69. Rd2 Ne4 70. Rc2 Rc5 71. Ra2 Rd5 72. Kg2 Rd2 73. Ra5+ Ke6 74. Rxh5 Nxf2 75. Rh6+ Kf5 76. Kf1 Ne4 77. Rh5+ Ng5 78. Rh8 Ne4 79. Rf8+ Ke5 80. Re8+ Kd4 81. Rd8+ Ke3 82. Rxd2 Nxd2+ 83. Ke1 Ne4 84. Kf1 Kf3 85. Kg1 Nxg3 86. Kh2 Ne4 87. Kg1 g3 88. Kh1 g2+ 89. Kg1 Nf6 90. Kh2 Kf2 91. Kh3 g1=Q 92. Kh4 Qg4# 0-1


[Site "https://www.chess.com"]

[Event "Titled Tuesday Blitz March 22 Late 2022"]
[White "Curtis, John"]
[Black "Spata, German"]
[WhiteFideId "3200256"]
[BlackFideId "113026"]
[WhiteElo "2203"]
[BlackElo "2238"]
[Result "0-1"]
[Round "01"]
[TimeControl "180+1"]
[Date "2022.03.22"]
[WhiteClock "0:02:19"]
[BlackClock "0:00:51"]

1. e4 e6 2. d4 d5 3. Nc3 dxe4 4. Nf3 exf3 5. Ne4 fxg2 6. Qf3 gxh1=Q 7. Qxh1 Nf6 8. Nxf6+ Qxf6 9. Be3 Bd6 10. Bd3 O-O 11. h4 Nc6 12. c3 e5 13. Qe4 g6 14. Bg5 Qf5 15. Qxf5 Bxf5 16. Bxf5 gxf5 17. d5 f6 18. Kd1 fxg5 19. dxc6 bxc6 20. h5 h6 21. Kc2 Kf7 22. b4 a5 23. a3 axb4 24. cxb4 Bxb4 25. Rd1 Bd6 26. Kb3 Rxa3+ 27. Kc4 Rb8 28. Rxd6 cxd6 29. f4 Ra4+ 30. Kc3 Rxf4 0-1


[Site "https://www.chess.com"]

[Event "Titled Tuesday Blitz March 22 Late 2022"]
[White "Dardha, Daniel"]
[Black "Horcajuelo Rocamora, Martin"]
[WhiteFideId "240990"]
[BlackFideId "24573027"]
[WhiteElo "2482"]
[BlackElo "1706"]
[Result "1-0"]
[Round "01"]
[TimeControl "180+1"]
[Date "2022.03.22"]
[WhiteClock "0:00:09"]
[BlackClock "0:00:01"]

1. e4 e5 2. Nf3 Nc6 3. Bb5 Nf6 4. O-O Nxe4 5. Re1 Nd6 6. Nxe5 Nxe5 7. Rxe5+ Be7 8. Bf1 O-O 9. d4 Bf6 10. Re1 Nf5 11. c3 d5 12. Bf4 c6 13. Nd2 Nd6 14. Bd3 Be6 15. h3 Bg5 16. Bh2 Qd7 17. Nf3 Bf6 18. Ne5 Bxe5 19. Bxe5 f6 20. Bxd6 Qxd6 21. Qh5 f5 22. Re5 g6 23. Qg5 Rae8 24. Rae1 Bd7 25. Bxf5 Rxe5 26. dxe5 Qc7 27. Bxg6 hxg6 28. Qxg6+ Kh8 29. Qh6+ Kg8 30. Re3 b5 31. Rg3+ Kf7 32. e6+ Ke8 33. Rg7 Qb6 34. Qg6+ Kd8 35. Rxd7+ Kc8 36. Rf7 Re8 37. Qf5 Qd8 38. Rd7 Qb6 39. e7 Kb8 40. Qf7 1-0


[Site "https://www.chess.com"]

[Event "Titled Tuesday Blitz March 22 Late 2022"]
[White "Deac, Bogdan-Daniel"]
[Black "Jeet, Jain"]
[WhiteFideId "1226380"]
[BlackFideId "5073022"]
[WhiteElo "2646"]
[BlackElo "2085"]
[Result "1-0"]
[Round "01"]
[TimeControl "180+1"]
[Date "2022.03.22"]
[WhiteClock "0:00:08"]
[BlackClock "0:00:01"]

1. b3 Nf6 2. Bb2 c5 3. c4 Nc6 4. Nf3 g6 5. g3 Bg7 6. Bg2 b6 7. d4 cxd4 8. Nxd4 Bb7 9. Nc2 O-O 10. O-O Na5 11. Nc3 Bxg2 12. Kxg2 Rc8 13. Ne3 Ne4 14. Nxe4 Bxb2 15. Rb1 Bg7 16. Qd2 d6 17. Rfd1 Qd7 18. Nd5 Nc6 19. Qe3 Rfe8 20. Rbc1 Qe6 21. Nf4 Qf5 22. Rd5 Qd7 23. h4 Qb7 24. Qf3 Rc7 25. h5 Nb4 26. hxg6 hxg6 27. Rd2 d5 28. Nxd5 Nxd5 29. Rxd5 Qxd5 30. cxd5 Rxc1 31. d6 exd6 32. Nxd6 Rf8 33. Qb7 Rc2 34. Qxa7 Rxe2 35. Nb5 Rd8 36. Qxb6 Rdd2 37. a4 Bh6 38. Nc3 Re6 39. Qb8+ Kg7 40. Kf1 Rc2 41. Qb4 Kh7 42. Ne4 Rc7 43. Qd4 Rcc6 44. Qd5 Kg8 45. b4 Bg7 46. b5 Rc1+ 47. Kg2 Re1 48. Nc5 R6e5 49. Qd8+ Re8 50. Qd3 Ra1 51. b6 Bf8 52. b7 Bxc5 53. Qb5 Rb8 54. Qxc5 Rxa4 55. Qc8+ Rxc8 56. bxc8=Q+ Kg7 57. Qc3+ Kg8 58. f4 Ra7 59. Qc8+ Kh7 60. Kh3 Re7 61. Kh4 Re6 62. g4 Kg7 63. f5 gxf5 64. gxf5 Rf6 65. Kg5 Ra6 66. Qc3+ Kh7 67. Qh3+ Kg7 68. f6+ Rxf6 69. Qc3 Kh7 70. Qxf6 1-0


[Site "https://www.chess.com"]

[Event "Titled Tuesday Blitz March 22 Late 2022"]
[White "Degtiarev, Evgeny"]
[Black "Goltsev, Dmitry"]
[WhiteFideId "4149610"]
[BlackFideId "24176710"]
[WhiteElo "2218"]
[BlackElo "2273"]
[Result "0-1"]
[Round "01"]
[TimeControl "180+1"]
[Date "2022.03.22"]
[WhiteClock "0:00:20"]
[BlackClock "0:01:55"]

1. d4 Nf6 2. c4 e6 3. g3 Bb4+ 4. Bd2 Qe7 5. Nf3 b6 6. Bg2 Bb7 7. Nc3 O-O 8. O-O Bxc3 9. Bxc3 Ne4 10. Rc1 a5 11. d5 d6 12. dxe6 fxe6 13. Nd2 Nxc3 14. Rxc3 Bxg2 15. Kxg2 Nd7 16. a3 a4 17. Re3 Nc5 18. Ne4 e5 19. Nxc5 bxc5 20. Qd5+ Qf7 21. Qxf7+ Kxf7 22. b3 Rfb8 23. f4 Ke6 24. fxe5 dxe5 25. Rff3 axb3 26. Rxb3 Rxb3 27. Rxb3 Ra4 28. Rc3 e4 29. Kf2 Ke5 30. e3 Ra6 31. Rb3 Ra4 32. Rc3 Kd6 33. Ke2 Kc6 34. Kd2 Ra8 35. Ke2 h5 36. Rb3 Ra4 37. Rc3 g5 38. Kd2 Kd6 39. Kc2 Ra8 40. Kd2 h4 41. gxh4 gxh4 42. Ke2 Rg8 43. Kf2 h3 44. a4 Rg2+ 45. Kf1 Rxh2 46. Ra3 Kc6 47. a5 Kb7 48. a6+ Ka7 49. Ra5 Rc2 50. Rxc5 h2 51. Rxc7+ Kxa6 52. Rh7 Kb6 53. Rh5 Ra2 54. c5+ Kc6 55. Ke1 Ra1+ 56. Kf2 h1=Q 0-1


[Site "https://www.chess.com"]

[Event "Titled Tuesday Blitz March 22 Late 2022"]
[White "Delorme, Alban"]
[Black "Taichman, Ori"]
[WhiteFideId "623636"]
[BlackFideId "2804069"]
[WhiteElo "2197"]
[BlackElo "2227"]
[Result "1/2-1/2"]
[Round "01"]
[TimeControl "180+1"]
[Date "2022.03.22"]
[WhiteClock "0:00:07"]
[BlackClock "0:00:21"]

1. d4 Nf6 2. Nf3 g6 3. g3 Bg7 4. Bg2 O-O 5. O-O d6 6. a4 c5 7. Nc3 Nc6 8. e4 cxd4 9. Nxd4 Rb8 10. h3 Bd7 11. Be3 Qc8 12. Kh2 Ne5 13. Qc1 Nc4 14. Bg5 Qc5 15. Nb3 Qb4 16. Bxf6 Bxf6 17. Nd5 Bxb2 18. Nxb4 Bxc1 19. Rfxc1 e6 20. Rd1 Rfc8 21. a5 Kf8 22. Bf1 Ne5 23. Rxd6 Ke7 24. Rad1 Ba4 25. f4 Nc4 26. Bxc4 Rxc4 27. R1d4 Bxb3 28. cxb3 Rxb4 29. Rd7+ Ke8 30. Rxb4 Kxd7 31. Kg2 b5 32. Rd4+ Ke7 33. e5 Rc8 34. Rd6 Rc2+ 35. Kf3 Rc3+ 36. Kg4 h5+ 37. Kh4 Rxb3 38. Ra6 Ra3 39. Rxa7+ Kf8 40. a6 Kg7 41. g4 hxg4 42. hxg4 Rf3 43. Kg5 Ra3 44. Ra8 b4 45. a7 b3 46. Rb8 b2 47. Rb7 Rxa7 48. Rxb2 Ra3 49. Rb7 Rf3 50. Ra7 Rf1 51. Rb7 Rf2 52. Rc7 Rf3 53. Rc4 Rf1 54. Kh4 Rg1 55. Rb4 Kh6 56. Rb7 g5+ 57. fxg5+ Kg6 58. Ra7 Re1 59. Ra8 Rxe5 60. Rg8+ Kh7 61. Rf8 Kg7 62. Re8 Re3 63. Re7 Kg6 64. Re8 Re1 65. Rg8+ Kh7 66. Ra8 Kg7 67. Kg3 e5 68. Ra6 Re4 69. Kf3 Rf4+ 70. Kg3 Rf1 71. Kh4 e4 72. Kg3 Rf3+ 73. Kg2 Rf4 74. Kg3 Rf3+ 75. Kg2 Rb3 76. Ra4 Re3 77. Kf2 Rf3+ 78. Kg2 Re3 79. Ra5 Kg6 80. Re5 Re2+ 81. Kg3 Re3+ 82. Kf4 Rf3+ 83. Kxe4 Rf1 84. Rf5 Re1+ 85. Kf4 Rf1+ 86. Ke5 Rxf5+ 87. gxf5+ Kxg5 88. Ke4 f6 89. Ke3 Kg4 90. Ke4 Kg3 91. Ke3 Kh4 92. Ke4 Kg5 93. Ke3 Kxf5 94. Kf3 Kg5 95. Kg3 f5 96. Kf3 f4 97. Kf2 Kg4 98. Kg2 Kf5 99. Kf3 Kg5 100. Kf2 Kg4 101. Kg2 f3+ 102. Kf2 Kf4 103. Kf1 Kg3 104. Kg1 Kh3 105. Kf2 Kg4 106. Kf1 Kg3 107. Kg1 Kf4 108. Kf2 Ke4 109. Kf1 Kd3 110. Kf2 Ke4 111. Kf1 Ke3 112. Ke1 Kf4 113. Kf2 Kg4 114. Kf1 Kg3 1/2-1/2


[Site "https://www.chess.com"]

[Event "Titled Tuesday Blitz March 22 Late 2022"]
[White "Dobrov, Vladimir"]
[Black "Ozates, Tuna"]
[WhiteFideId "4136594"]
[BlackFideId "6354521"]
[WhiteElo "2614"]
[BlackElo "1887"]
[Result "1-0"]
[Round "01"]
[TimeControl "180+1"]
[Date "2022.03.22"]
[WhiteClock "0:01:19"]
[BlackClock "0:00:01"]

1. d4 Nf6 2. c4 g6 3. Nc3 Bg7 4. e4 O-O 5. Be2 d6 6. Be3 Na6 7. Qd2 e5 8. d5 Nc5 9. f3 a5 10. h4 h5 11. Nh3 b6 12. Nf2 a4 13. O-O-O Bd7 14. Kb1 Qb8 15. Rc1 c6 16. dxc6 Bxc6 17. Rhd1 Rd8 18. Qc2 Qa7 19. Rd2 Qa5 20. Rcd1 Ne8 21. g4 hxg4 22. Nxg4 Na6 23. Nd5 Bxd5 24. Rxd5 Nc5 25. h5 gxh5 26. Nh6+ Kf8 27. Nf5 Nc7 28. Rxd6 Rxd6 29. Rxd6 Qe1+ 30. Qd1 Qxd1+ 31. Bxd1 Rb8 32. Rxb6 Rxb6 33. Bxc5+ Kg8 34. Bxb6 Ne6 35. Nxg7 Kxg7 36. Bf2 Kg6 37. c5 Kg5 38. c6 h4 39. Bxa4 h3 40. Bg3 f5 41. Bb3 Nc7 42. exf5 Kxf5 43. Bc2+ Ke6 44. Be4 Kd6 45. b4 Nb5 46. Kb2 Nd4 47. a4 Ne2 48. Bh2 Nf4 49. a5 Kc7 50. b5 Kd6 51. a6 1-0


[Site "https://www.chess.com"]